 Dungeon Crawl Stone Soup version 0.23.2 (webtiles) character file.

Game seed: 1145696228832362278

20686 Borgoz the Slicer (level 12, 0/75 HPs)
             Began as a Gargoyle Gladiator on Apr 8, 2019.
             Was a Believer of Ashenzari.
             Killed from afar by a tengu reaver (45 damage)
             ... with a bolt of magma
             ... on level 13 of the Dungeon.
             The game lasted 00:24:04 (11779 turns).

Borgoz the Slicer (Gargoyle Gladiator)             Turns: 11779, Time: 00:24:04

Health: 0/75       AC: 23    Str: 19    XL:     12   Next: 82%
Magic:  15/15      EV: 18    Int: 12    God:    Ashenzari [**....]
Gold:   774        SH:  0    Dex: 19    Spells: 11/11 levels left

rFire    + . .     SeeInvis .   a - +4 dagger (elec) (curse)
rCold    . . .     Gourm    .   (no shield)
rNeg     + + .     Faith    .   x - +1 ring mail {rN+}
rPois    ∞         Spirit   .   U - +0 helmet {Int+3}
rElec    +         Reflect  .   (no cloak)
rCorr    .         Harm     .   O - +1 pair of gloves
MR       .....                  K - +0 pair of boots
Stlth    ++++......             J - amulet of regeneration
HPRegen  0.62/turn              i - +2 ring of dexterity
MPRegen  0.14/turn              y - ring of protection from fire

@: no status effects
A: icy blue scales 1, agile 1, negative energy resistance 1, electricity
resistance, unbreathing, petrification resistance, rot immunity, MP-powered
wands, AC +8
a: Curse Item, Scrying, Renounce Religion


You were on level 13 of the Dungeon.
You worshipped Ashenzari.
Ashenzari was pleased with you.
You were not hungry.

You visited 2 branches of the dungeon, and saw 15 of its levels.

You collected 904 gold pieces.
You spent 130 gold pieces at shops.

Inventory:

Hand Weapons
 a - a cursed +4 dagger of electrocution (weapon)
 b - a +1 short sword of venom
 e - a +0 rapier
 j - a +2 vampiric dagger
 p - a +1 vampiric short sword
 B - a +4 dagger of distortion
Missiles
 d - 3 throwing nets (quivered)
 u - 19 tomahawks
Armour
 c - a +0 helmet
 x - a +1 ring mail of positive energy (worn)
 K - a +0 pair of boots (worn)
 O - a +1 pair of gloves (worn)
 U - a +0 helmet of intelligence (worn)
Jewellery
 i - a +2 ring of dexterity (left hand)
 l - an uncursed ring of positive energy
 y - a ring of protection from fire (right hand)
 E - a +5 amulet of reflection
 J - an amulet of regeneration (around neck)
 M - an uncursed ring of ice
 S - an uncursed ring of wizardry
Wands
 h - a wand of digging (8)
 q - a wand of enslavement (24)
 r - a wand of flame (13)
 w - a wand of random effects (29)
 N - a wand of polymorph (9)
 P - a wand of disintegration (3)
Scrolls
 k - 5 scrolls of teleportation
 n - 3 scrolls of enchant armour
 s - 2 scrolls of identify
 t - 3 scrolls of fog
 A - 4 scrolls of magic mapping
 C - 3 scrolls of amnesia
 H - a scroll of immolation
 L - a scroll of vulnerability
 R - a scroll of summoning {unknown}
Potions
 g - 4 potions of mutation
 m - a potion of brilliance
 o - a potion of flight
 v - 2 potions of cancellation
 D - a potion of ambrosia
 F - a potion of resistance
 G - 2 potions of curing
 I - 2 potions of invisibility
 Q - a potion of berserk rage
 T - a potion of might
Comestibles
 f - 27 rations
 z - 4 chunks of flesh


   Skills:
 + Level 8.7 Fighting
 * Level 10.4(12.5) Short Blades
 - Level 1.7 Throwing
 + Level 8.3 Armour
 * Level 9.5 Dodging
 + Level 9.1 Stealth
 - Level 5.0 Evocations


You had 11 spell levels left.
You didn't know any spells.
Your spell library contained the following spells:

 Spells                   Type           Power        Failure   Level  Hunger
 Beastly Appendage        Tmut           #.....       45%         1    ##.....
 Freeze                   Ice            #...         45%         1    ##.....
 Sticks to Snakes         Tmut           #.......     61%         2    ###....
 Throw Frost              Conj/Ice       #.....       61%         2    ###....
 Ozocubu's Armour         Chrm/Ice       #.......     83%         3    ####...
 Spider Form              Tmut/Pois      #.........   83%         3    ####...
 Ice Form                 Ice/Tmut       #.......     99%         4    #####..
 Summon Ice Beast         Ice/Summ       #.......     99%         4    #####..
 Throw Icicle             Conj/Ice       #.......     99%         4    #####..
 Blade Hands              Tmut           #.........   100%        5    ######.
 Irradiate                Conj/Tmut      #.........   100%        5    ######.
 Hydra Form               Tmut           #.........   100%        6    #######
 Dragon Form              Tmut           #.........   100%        7    #######
 Statue Form              Tmut/Erth      Unusable     N/A         6    N/A

Dungeon Overview and Level Annotations

Branches:
Dungeon (14/15)            Temple (1/1) D:6            Lair (0/6) D:10
    Orc (0/2) D:9
 Vaults: D:13-14

Altars:
Ashenzari
Cheibriados
Dithmenos
Elyvilon
Fedhas
Gozag
Hepliaklqana
Kikubaaqudgha
Makhleb
Nemelex Xobeh
Okawaru
Qazlal
Ru
Sif Muna
Trog
Uskayaw
Vehumet
Wu Jian
Xom
Yredelemnul
Zin
The Shining One
Jiyva

Shops:
D:8 !


Innate Abilities, Weirdness & Mutations

You are resistant to torment.
Your stone body is resilient. (AC +8)
You are immune to poison.
You resist negative energy. (rN+)
You are resistant to electric shocks. (rElec)
You can survive without breathing.
You are immune to petrification.
You are immune to rotting.
You are partially covered in icy blue scales. (AC +2)
You are agile. (Dex +2)
You expend magic power (3 MP) to strengthen your wands.


Message History

The tengu reaver hits you but does no damage.
The tengu reaver completely misses you. The tengu reaver barely misses you.
You hit the tengu reaver.
The tengu reaver is heavily wounded.
You hit the tengu reaver but do no damage.
The tengu reaver is heavily wounded.
You hit the tengu reaver but do no damage.
Lightning courses through the tengu reaver!
The tengu reaver is heavily wounded.
The tengu reaver hits you with a +0 battleaxe.
The tengu reaver pecks you but does no damage.
The tengu reaver claws you but does no damage.
You closely miss the tengu reaver.
The tengu reaver is heavily wounded.
You closely miss the tengu reaver.
The tengu reaver is heavily wounded.
The tengu reaver casts a spell at you. The bolt of magma hits you!!!
You partially resist.
Ouch! That really hurt!
You die...

, ,..., *,, #...#... *,
..# , *, #...#... * ,#.#
* {##..#..# * ###.# ,
*,,,#...# .. * ,#?..#,
,,, ,#..##*,. #$[.#∆ ,
#.## * * #$.*#* , {
#..##*,. #*###Q#* ,,,
*#...# .. #.#.#.#@#** ,
**##..#..#
#..H#...#########...#...
#...#.....#...#.....#...
##, ##.............##..#
##..#..#..#..## ,.# *
,############# ## * ,
.C# , #YY,,, * ....,
,,,.... * ##...#, #...##


You could see a tengu reaver, a cyclops, a hippogriff shaped shifter and a
battlesphere.

Vanquished Creatures
  Harold (D:8)
  A two-headed ogre (D:6)
  2 unseen horrors
  Pikel (D:5)
  A necromancer (D:13)
  An ugly thing (D:13)
  A cyclops (D:11)
  A manticore (D:11)
  Psyche (D:8)
  7 centaur zombies
  A freezing wraith (D:13)
  A wind drake (shapeshifter) (D:14)
  A troll (D:14)
  3 slime creatures
  A hornet (D:11)
  2 hippogriffs
  Sigmund (D:2)
  A wyvern (D:13)
  A wraith (D:13)
  2 shadows
  10 humans (D:13)
  10 yaks
  5 vampire mosquitoes
  3 hungry ghosts
  2 acid dragons
  2 water moccasins
  4 porcupines (D:10)
  4 slaves (D:5)
  An orc warrior (Temple)
  A sky beast (D:9)
  An eye of draining (D:12)
  3 ice beasts
  A black bear (D:12)
  4 phantoms
  4 ogres
  2 necrophages
  2 centaurs
  A crocodile (D:10)
  A big kobold (D:4)
  7 bullfrogs
  2 wyvern zombies
  A wyvern skeleton (D:8)
  6 scorpions
  19 killer bees
  8 wights
  2 howler monkeys (D:10)
  8 crimson imps
  A bullfrog zombie (D:10)
  A quasit (D:6)
  4 hounds
  8 jellies
  Crazy Yiuf (D:4)
  6 orc priests
  5 centaur skeletons
  9 orc wizards
  An iguana (D:5)
  7 worker ants
  Ijyb (D:4)
  6 ogre zombies (D:9)
  6 gnolls
  15 adders
  3 shadow imps
  6 oozes
  An adder zombie (D:6)
  5 worms
  3 dart slugs
  5 leopard geckos
  38 orcs
  4 ball pythons
  5 giant cockroaches
  8 goblins
  8 hobgoblins
  9 jackals
  5 quokkas
  9 bats
  10 frilled lizards
  2 goblin skeletons (D:9)
  3 hobgoblin zombies (D:9)
  11 kobolds
  A leopard gecko skeleton (D:4)
  5 orc skeletons (D:9)
  9 orc zombies (D:9)
  2 quokka skeletons
  7 rats
375 creatures vanquished.

Vanquished Creatures (others)
  15 fungi (D:10)
  4 plants (D:10)
19 creatures vanquished.

Grand Total: 394 creatures vanquished

Notes
Turn   | Place    | Note
-------+----------+-------------------------------------------
     0 | D:1      | Borgoz the Gargoyle Gladiator began the quest for the Orb.
     0 | D:1      | Reached XP level 1. HP: 12/12 MP: 1/1
    88 | D:1      | Reached XP level 2. HP: 14/17 MP: 2/2
   316 | D:1      | Reached skill level 3 in Short Blades
   834 | D:2      | Reached XP level 3. HP: 22/22 MP: 3/3
   861 | D:2      | Noticed Sigmund
   869 | D:2      | HP: 1/22 [something (7)]
   870 | D:2      | Gained mutation: You expend magic power (3 MP) to
                  | strengthen your wands. [potion of mutation]
   870 | D:2      | Gained mutation: You are agile. (Dex +2) [potion of
                  | mutation]
   870 | D:2      | Gained mutation: You are partially covered in icy blue
                  | scales. (AC +2) [potion of mutation]
   874 | D:2      | HP: 1/22 [something/puff of flame (13)]
   886 | D:2      | Killed Sigmund
   886 | D:2      | Reached skill level 1 in Armour
   886 | D:2      | Reached skill level 1 in Stealth
   886 | D:2      | Reached XP level 4. HP: 8/28 MP: 4/4
   886 | D:2      | Reached XP level 5. HP: 10/32 MP: 5/5
  1598 | D:3      | Reached XP level 6. HP: 37/37 MP: 6/6
  1792 | D:3      | Reached skill level 4 in Short Blades
  2921 | D:4      | Reached XP level 7. HP: 42/42 MP: 7/7
  3200 | D:4      | Noticed Ijyb
  3218 | D:4      | Killed Ijyb
  3576 | D:4      | Found a runed translucent door.
  3577 | D:4      | Noticed Crazy Yiuf
  3703 | D:4      | Killed Crazy Yiuf
  3834 | D:5      | Entered Level 5 of the Dungeon
  3943 | D:5      | Noticed Pikel
  4031 | D:5      | Killed Pikel
  4031 | D:5      | Reached skill level 5 in Short Blades
  4031 | D:5      | Reached skill level 5 in Dodging
  4031 | D:5      | Reached XP level 8. HP: 15/48 MP: 8/8
  4367 | D:5      | Found a sparkling altar of Nemelex Xobeh.
  4876 | D:5      | Reached skill level 5 in Fighting
  4876 | D:5      | Reached skill level 6 in Short Blades
  5072 | D:5      | Reached XP level 9. HP: 50/54 MP: 9/9
  5299 | D:6      | Found a staircase to the Ecumenical Temple.
  5323 | Temple   | Entered the Ecumenical Temple
  5356 | Temple   | Became a worshipper of Ashenzari the Shackled
  5841 | Temple   | Reached skill level 5 in Stealth
  6299 | D:6      | Noticed a two-headed ogre
  6303 | D:6      | Killed a two-headed ogre
  6303 | D:6      | Reached skill level 5 in Armour
  6312 | D:6      | Reached skill level 7 in Short Blades
  7043 | D:8      | Reached skill level 1 in Evocations
  7070 | D:8      | Reached XP level 10. HP: 60/60 MP: 10/10
  7122 | D:8      | Noticed Psyche
  7126 | D:8      | Killed Psyche
  7194 | D:8      | Reached * piety under Ashenzari
  7198 | D:8      | Noticed Harold
  7231 | D:8      | Killed Harold
  7277 | D:8      | Found Alimn's Distillery.
  7304 | D:8      | Bought a potion of heal wounds for 65 gold pieces
  7304 | D:8      | Bought a potion of heal wounds for 65 gold pieces
  7701 | D:9      | Found a staircase to the Orcish Mines.
  7737 | D:9      | Reached skill level 8 in Short Blades
  8123 | D:9      | Found a bloodstained altar of Trog.
  8489 | D:10     | Entered Level 10 of the Dungeon
  8511 | D:10     | Reached XP level 11. HP: 48/67 MP: 13/13
  8881 | D:10     | Found a staircase to the Lair.
  9410 | D:10     | Found a viscous altar of Jiyva.
  9668 | D:11     | Killed an unseen horror
  9668 | D:11     | Reached skill level 9 in Short Blades
  9740 | D:11     | Noticed a manticore
  9744 | D:11     | Killed a manticore
  9997 | D:11     | Noticed a cyclops
 10000 | D:11     | Killed a cyclops
 10459 | D:12     | Reached XP level 12. HP: 38/73 MP: 2/15
 10538 | D:12     | Reached ** piety under Ashenzari
 10915 | D:13     | Noticed a five-headed hydra
 11273 | D:13     | Reached skill level 10 in Short Blades
 11527 | D:13     | Reached skill level 5 in Evocations
 11750 | D:13     | Noticed a tengu reaver
 11762 | D:13     | Noticed a fire giant
 11779 | D:13     | Killed from afar by a tengu reaver

Skill      XL: |  1  2  3  4  5  6  7  8  9 10 11 12 |
---------------+-------------------------------------+-----
Short Blades   | 3 4 5 6 7 8 9 10 | 10.4
Fighting       | 3 4 5 6 7 8 |  8.7
Armour         | 1 2 3 4 5 6 7 8 |  8.3
Dodging        | 3 4 5 6 7 8 9 |  9.5
Stealth        | 1 2 4 5 7 8 9 |  9.1
Evocations     | 1 2 4 5 |  5.0
Throwing       | |  1.7

Action                   |  1- 3 |  4- 6 |  7- 9 | 10-12 || total
-------------------------+-------+-------+-------+-------++-------
Melee: Rapier            |    46 |       |       |       ||    46
       Short sword       |    55 |   214 |   303 |       ||   572
       Dagger            |       |       |   103 |  1083 ||  1186
Throw: Throwing net      |       |       |     2 |     2 ||     4
Invok: Curse Item        |       |       |       |     1 ||     1
Evoke: Wand              |       |       |     2 |     7 ||     9
  Use: Potion            |     3 |     7 |     1 |     3 ||    14
       Scroll            |       |     3 |     8 |     6 ||    17
 Stab: Sleeping          |     1 |     4 |    14 |    21 ||    40
       Held in net/web   |       |       |     2 |     3 ||     5
       Distracted        |       |       |       |     2 ||     2
       Invisible         |       |       |       |     7 ||     7
  Eat: Chunk             |       |     6 |    13 |    17 ||    36
       Ration            |       |       |       |     1 ||     1
Armor: Leather armour    |    38 |    90 |    47 |       ||   175
       Ring mail         |       |       |    95 |   320 ||   415
Dodge: Dodged            |    61 |   209 |   242 |   673 ||  1185
